 Dungeon Sprint DCSS version 0.23.2-11-gf996548c65 (webtiles) character file.

Game seed: 2080139991821766807

2445 wilfster70 the Unseen (level 9, -2/39 HPs)
             Began as a Spriggan Enchanter on June 6, 2019.
             Was an Initiate of Gozag.
             Slain by a centaur warrior (8 damage)
             ... in the Dungeon (Sprint I: "Red Sonja").
             The game lasted 00:03:56 (1037 turns).

wilfster70 the Unseen (Spriggan Enchanter)          Turns: 1037, Time: 00:03:56

Health: -2/39      AC:  2    Str:  4    XL:     9   Next: 25%
Magic:  15/23      EV: 18    Int: 17    God:    Gozag
Gold:   1118       SH:  0    Dex: 19    Spells: 21/27 levels left

rFire    . . .     SeeInvis +   a - +1 dagger
rCold    . . .     Gourm    .   (shield restricted)
rNeg     . . .     Faith    .   b - +0 robe
rPois    .         Spirit   .   (helmet restricted)
rElec    .         Reflect  .   (no cloak)
rCorr    .         Harm     .   (gloves unavailable)
MR       +....     NoTele   +   (boots unavailable)
Stlth    ++++++++..             (no amulet)
HPRegen  0.13/turn              (no ring)
MPRegen  0.18/turn              (no ring)

@: gold aura, very quick
A: very small, unfitting armour, see invisible, herbivore, speed 3, slow
metabolism 2
a: Potion Petition, Call Merchant, Bribe Branch, Renounce Religion


You were in the Dungeon.
You worshipped Gozag.
Gozag was most pleased with you.
You were not hungry.

You visited 1 branch You collected 1118 gold pieces.

Inventory:

Hand Weapons
 a - a +1 dagger (weapon)
 c - a +0 blowgun
 i - a +0 dagger of venom
Missiles
 k - 9 curare-tipped needles
Armour
 b - a +0 robe (worn)
Wands
 l - a wand of acid (3)
 m - a wand of paralysis (7)
Scrolls
 j - a scroll of blinking
Potions
 e - 6 potions of curing
 g - a potion of haste
 h - 2 potions of magic
Comestibles
 d - 4 rations


   Skills:
 + Level 8.7 Short Blades
 - Level 3.0 Dodging
 + Level 20.4 Stealth
 + Level 9.8 Spellcasting
 * Level 13.3 Hexes


You had 21 spell levels left.
You knew the following spells:

 Your Spells              Type           Power        Failure   Level  Hunger
a - Corona                Hex            ######.      1%          1    None
b - Ensorcelled Hibernat  Hex/Ice        ####..       1%          2    None
c - Confuse               Hex            ######..     1%          3    None

Your spell library contained the following spells:

 Spells                   Type           Power        Failure   Level  Hunger
 Dazzling Spray           Conj/Hex       ####..       1%          3    None
 Tukima's Dance           Hex            ######..     1%          3    None


Dungeon Overview and Level Annotations

Branches:
Dungeon (1/1)

Altars:
Cheibriados
Dithmenos
Elyvilon
Fedhas
Gozag
Hepliaklqana
Kikubaaqudgha
Makhleb
Nemelex Xobeh
Okawaru
Qazlal
Ru
Sif Muna
Trog
Uskayaw
Vehumet
Wu Jian
Xom
Yredelemnul
Zin
The Shining One
Jiyva
Lugonu

Shops:
D =([


Innate Abilities, Weirdness & Mutations

You are very small and have problems with some larger weapons.
You are too small for most types of armour.
You have supernaturally acute eyesight. (SInv)
You are a herbivore.
You cover ground extremely quickly.
You need to consume almost no food.


Message History

Your Short Blades skill increases to level 8!
Your Stealth skill increases to level 20!
Your Spellcasting skill increases to level 9!
Your Hexes skill increases to level 13!
You have reached level 9!
Your experience leads to an increase in your attributes!
Increase (S)trength, (I)ntelligence, or (D)exterity?
You feel agile. The centaur warrior closely misses you.
Casting: Ensorcelled Hibernation (safe; 1% risk of failure)
Confirm with . or Enter, or press ? or * to list all spells.
Aiming: Ensorcelled Hibernation (safe; 1% risk of failure)
Press: ? - help, Shift-Dir - straight line, f - centaur warrior
Aim: a centaur warrior (purple smoke, chance to defeat MR: 42%)
The centaur warrior resists with some effort.
The centaur warrior hits you!
* * * LOW HITPOINT WARNING * * *
The centaur warrior hits you!
You die...
Your body crumbles into a pile of gold.

#######################
#.)'..#.)'..#__#33KK.5#
$$
'..#).'..#..'..4..#...#
$
#####'#####4#__####K..+
$
####..#...#.####§§#####
$ $
#__####..##(#≈§§§§#$$ $
#_____##'#_.§§§§@§+ $
#_.∩...'..._#K§(§c#$$
$$$ #_..__##_.#'##K####
#_____###'#.#(§§[### $
#########.####+###.## $
.......'...+.....'.∩#
$$
++++####...########## $
$$ $ ###.###


$$$$$$ #.#'#.# $ $$$$$$ You could see a centaur warrior and 2 kobold
demonologists.

Vanquished Creatures
  A centaur warrior (D)
  Sonja (D)
  A deep troll (D)
  A slime creature (D)
  Sigmund (D)
  A yak (D)
  A floating eye (D)
  An ogre (D)
  A jelly (D)
  Ijyb (D)
  3 ballistomycetes (D)
13 creatures vanquished.

Vanquished Creatures (others)
  2 ballistomycete spores (D)
2 creatures vanquished.

Grand Total: 15 creatures vanquished

Notes
Turn   | Place    | Note
-------+----------+-------------------------------------------
     0 | D        | wilfster70 the Spriggan Enchanter began the quest for the
                  | Orb.
     0 | D        | Reached XP level 1. HP: 9/9 MP: 5/5
     1 | D        | Noticed Ijyb
     9 | D        | Killed Ijyb
     9 | D        | Reached skill level 10 in Stealth
     9 | D        | Reached XP level 2. HP: 9/13 MP: 6/6
   175 | D        | Learned a level 2 spell: Ensorcelled Hibernation
   179 | D        | Noticed an ogre
   182 | D        | Killed an ogre
   182 | D        | Reached skill level 14 in Stealth
   182 | D        | Reached XP level 3. HP: 16/16 MP: 2/8
   182 | D        | Reached XP level 4. HP: 21/21 MP: 2/9
   253 | D        | Noticed Sigmund
   256 | D        | Killed Sigmund
   256 | D        | Reached skill level 17 in Stealth
   256 | D        | Reached XP level 5. HP: 24/24 MP: 10/10
   268 | D        | Found a deep blue altar of Sif Muna.
   269 | D        | Found an ornate altar of the Wu Jian Council.
   270 | D        | Found a radiant altar of Vehumet.
   274 | D        | Reached XP level 6. HP: 28/28 MP: 11/11
   310 | D        | Found Pejet's Weapon Emporium.
   310 | D        | Found an ancient bone altar of Kikubaaqudgha.
   310 | D        | Found a hazy altar of Hepliaklqana.
   310 | D        | Found a stormy altar of Qazlal.
   310 | D        | Found a hide-covered altar of Uskayaw.
   310 | D        | Found a blossoming altar of Fedhas.
   310 | D        | Found a bloodstained altar of Trog.
   310 | D        | Found an iron altar of Okawaru.
   310 | D        | Found a basalt altar of Yredelemnul.
   310 | D        | Found a glowing golden altar of the Shining One.
   310 | D        | Found a snail-covered altar of Cheibriados.
   310 | D        | Found a sacrificial altar of Ru.
   310 | D        | Found a glowing silver altar of Zin.
   310 | D        | Found a shadowy altar of Dithmenos.
   310 | D        | Found a white marble altar of Elyvilon.
   310 | D        | Noticed a yak
   311 | D        | Found an opulent altar of Gozag.
   312 | D        | Killed a yak
   312 | D        | Reached skill level 18 in Stealth
   313 | D        | Found a sparkling altar of Nemelex Xobeh.
   319 | D        | Became a worshipper of Gozag Ym Sagoz the Greedy
   326 | D        | Noticed Sonja
   331 | D        | Killed Sonja
   331 | D        | Reached skill level 19 in Stealth
   331 | D        | Reached skill level 10 in Hexes
   331 | D        | Reached XP level 7. HP: 30/32 MP: 10/18
   349 | D        | Found Xaka's Jewellery Boutique.
   478 | D        | Learned a level 3 spell: Confuse
   917 | D        | Noticed a deep troll
   921 | D        | Killed a deep troll
   921 | D        | Reached XP level 8. HP: 36/36 MP: 19/21
   932 | D        | Found Raxohar's Armour Emporium.
   965 | D        | Found a burning altar of Makhleb.
   965 | D        | Found a viscous altar of Jiyva.
   965 | D        | Found a shimmering altar of Xom.
   965 | D        | Found a corrupted altar of Lugonu.
   965 | D        | Noticed a slime creature
   968 | D        | Killed a slime creature
   988 | D        | Noticed a kobold demonologist
   989 | D        | Noticed a kobold demonologist
   993 | D        | Paralysed by a floating eye for 3 turns
   999 | D        | Noticed a rust devil
  1003 | D        | Noticed a smoke demon
  1029 | D        | Noticed a centaur warrior
  1031 | D        | Noticed a centaur warrior
  1036 | D        | Killed a centaur warrior
  1036 | D        | Reached skill level 20 in Stealth
  1036 | D        | Reached XP level 9. HP: 19/39 MP: 17/23
  1037 | D        | Slain by a centaur warrior

Skill      XL: |  1  2  3  4  5  6  7  8 |
---------------+-------------------------+-----
Stealth        | 10 14 17 19 20 | 20.4
Spellcasting   | 3 7 8 9 |  9.8
Hexes          | 4 10 11 13 | 13.3
Short Blades   | 6 7 8 |  8.7
Dodging        | |  3.0

Action                   |  1- 3 |  4- 6 |  7- 9 || total
-------------------------+-------+-------+-------++-------
Melee: Dagger            |     6 |     4 |    73 ||    83
 Fire: Blowgun           |       |       |     1 ||     1
 Cast: Ensorcelled Hiber |     2 |     1 |     5 ||     8
  Use: Potion            |     1 |       |     1 ||     2
 Stab: Sleeping          |     1 |     4 |     4 ||     9
Dodge: Dodged            |     1 |     2 |     8 ||    11
